 Dungeon Crawl Stone Soup version 0.16.1-4-g8e1b745 (console) character file.

11 gw the Charlatan (level 2, 0/16 HPs)
             Began as a Deep Elf Artificer on Mar 28, 2015.
             Slain by a hobgoblin (1 damage)
             ... on level 3 of the Dungeon.
             The game lasted 00:00:25 (393 turns).

gw the Charlatan (Deep Elf Artificer)                Turns: 393, Time: 00:00:26

Health: 0/16       AC:  5    Str:  8    XL:     2   Next: 13%
Magic:  5/5        EV: 10    Int: 16    God:
Gold:   0          SH:  0    Dex: 15    Spells: 0 memorised, 1 level left

rFire  . . .     SeeInvis .     a - +0 short sword
rCold  . . .     Clarity  .     g - +0 ring mail (curse)
rNeg   . . .     SustAb   .     (no shield)
rPois  .         Gourm    .     (no helmet)
rElec  .         Spirit   .     (no cloak)
rCorr  .         Warding  .     (no gloves)
rMut   .         Stasis   .     (no boots)
MR     .....                    (no amulet)
Stlth  +.........               (no ring)
                                (no ring)

@: not resistant to hostile enchantments, very unstealthy
A: no striking features
a: no special abilities


You were on level 3 of the Dungeon.
You were not hungry.

You visited 1 branch of the dungeon, and saw 3 of its levels.

Inventory:

Hand weapons
 a - a +0 short sword (weapon)
Armour
 g - a cursed +0 ring mail (worn)
Magical devices
 b - a wand of flame (10)
 c - a wand of enslavement (15)
 d - a wand of random effects (14)
Scrolls
 e - a scroll of identify {unknown}
 h - a scroll of magic mapping {unknown}
Comestibles
 f - a bread ration


   Skills:
 + Level 1.1 Fighting
 * Level 1.9 Short Blades
 + Level 2.4 Dodging
 - Level 1.2 Stealth
 - Level 3.2 Evocations


You had one spell level left.
You didn't know any spells.

Dungeon Overview and Level Annotations

Branches:
Dungeon (3/15)

Altars:
Ashenzari
Nemelex Xobeh
Qazlal


Message History

The hobgoblin hits you.
Unknown command.
Unknown command.
Unknown command.
Unknown command.
ATTACKING (1,0)
Your ring mail prevents you from hitting the hobgoblin.
The hobgoblin is severely wounded.
The hobgoblin hits you.
Unknown command.
Unknown command.
Unknown command.
Unknown command.
Evoke which item? (* to show all) (? for menu, Esc to quit)
Zapping:
d - a wand of random effects (15)
Press: ? - help, Shift-Dir - straight line, f - hobgoblin
Aim: a hobgoblin (severely wounded) Nothing appears to happen.
This wand has 14 charges left.
The hobgoblin hits you.
You die...

......#####..
.......#.....
#.......#...#### #
#....!.........# ..
..........>.#
#.........g...##.#
#.####..........#
#####..####.....#####
........eg........#
######.###~~~.....# #
#.#~.~..(.#
#^.¤¤^..#.#
#~.¤...##.# ....#.#..
........# .#.......


PP.P You could see a hobgoblin.

Table legend:
 A = Turns spent in this place as a percentage of turns spent in the entire game.
 B = Non-inter-level travel turns spent in this place as a percentage of non-inter-level travel turns spent in the entire game.
 C = Inter-level travel turns spent in this place as a percentage of turns spent in this place.
 D = Turns resting spent in this place as a percentage of non-inter-level travel turns spent in this place.
 E = Turns spent auto-exploring this place as a percentage of non-inter-level travel turns spent in this place.
 F = Non-inter-level travel turns spent in this place divided by the number of levels of this place that you've seen.
                   A       B       C       D       E      F
               +-------+-------+-------+-------+-------+----------------------
         Total | 100.0 | 100.0 |   2.7 |   1.4 |   1.4 | 190.3
       Dungeon | 100.0 | 100.0 |   2.7 |   1.4 |   1.4 | 190.3
               +-------+-------+-------+-------+-------+----------------------

Table legend:
 A = Kills in this place as a percentage of kills in entire the game.
 B = Kills by you in this place as a percentage of kills by you in the entire game.
 C = Kills by friends in this place as a percentage of kills by friends in the entire game.
 D = Other kills in this place as a percentage of other kills in the entire game.
 E = Experience gained in this place as a percentage of experience gained in the entire game.
 F = Experience gained in this place divided by the number of levels of this place that you have seen.
                   A       B       C       D       E      F
               +-------+-------+-------+-------+-------+----------------------
         Total | 100.0 | 100.0 |  -nan |  -nan | 100.0 |   5.3
       Dungeon | 100.0 | 100.0 |  -nan |  -nan | 100.0 |   5.3
               +-------+-------+-------+-------+-------+----------------------

Vanquished Creatures
  2 giant cockroaches
  2 goblins
  A ball python (D:3)
  2 bats (D:1)
  5 rats
12 creatures vanquished.

Notes
Turn   | Place    | Note
--------------------------------------------------------------
     0 | D:1      | gw, the Deep Elf Artificer, began the quest for the Orb.
     0 | D:1      | Reached XP level 1. HP: 11/11 MP: 2/2
    31 | D:1      | Reached skill level 1 in Fighting
   318 | D:2      | Found a sparkling altar of Nemelex Xobeh.
   331 | D:2      | Found a shattered altar of Ashenzari.
   374 | D:3      | Found a stormy altar of Qazlal.
   382 | D:3      | Reached XP level 2. HP: 13/16 MP: 5/5
   393 | D:3      | Slain by a hobgoblin

Action                   || total
-------------------------++-------
Melee: Short sword       ||    29
Evoke: Wand              ||     6
 Stab: Sleeping          ||     1

Vault maps used:
D:1:      onia_arrival_pentagram, minmay_surrounded
D:2:      nicolae_overflow_hidden_temple, first_bread, minmay_divided_ellipse,
          uniq_iyjb, uniq_robin
D:3:      grunt_temple_overflow_forces_of_nature, kiku_gazebo_garden_becter,
          portal_sewer_entry_b, roderic_serpentine_path, uniq_sigmund,
          uniq_grinder
